 Seeded DCSS version 0.32-a0-975-g85d4e5bfdb (webtiles) character file.

Game seed: 202404185 (custom seed)

10012 Orlauf the Carver (level 11, 0/91 HPs)
             Began as a Demonspawn Gladiator on Apr 18, 2024.
             Was a Believer of Uskayaw.
             Slain by a two-headed hydra simulacrum (21 damage)
             ... in an ice cave.
             The game lasted 00:16:50 (8344 turns).

Orlauf the Carver (Demonspawn Gladiator)            Turns: 8344, Time: 00:16:50

Health: 0/91       AC: 15    Str: 19    XL:     11   Next: 30%
Magic:  18/18      EV:  5    Int:  8    God:    Uskayaw [**....]
Gold:   641        SH:  0    Dex: 21    Spells: 10/10 levels left

rFire   . . .        a - +0 great sword
rCold   . . .        (shield currently unavailable)
rNeg    . . .        N - +0 plate armour
rPois   .            (helmet restricted)
rElec   .            o - +0 cloak
rCorr   +            k - +2 pair of gloves
SInv    .            (no boots)
Will    .....        j - amulet of regeneration Stlth
                     f - +6 ring of dexterity
HPRegen 1.15/turn    s - ring of resist corrosion
MPRegen 0.16/turn

%: no passive effects
@: no status effects
A: horns 2, rugged brown scales 1, foul stench 2, powered by death 1
a: Renounce Religion, Stomp, Line Pass


You were in an ice cave.
You worshipped Uskayaw.
Uskayaw was aware of your devotion.
You visited 1 branch of the dungeon, and saw 12 of its levels.
You also visited: Ossuary and Ice Cave.

You collected 641 gold pieces.

Inventory:

Hand Weapons
 a - a +0 great sword (weapon)
 b - a +0 short sword of venom
 w - a +0 long sword
 O - a +1 long sword
Missiles
 d - a throwing net (quivered)
 e - a javelin
Armour
 k - a +2 pair of gloves (worn)
 o - a +0 cloak (worn)
 q - a +8 chain mail of ponderousness
 N - a +0 plate armour (worn)
Jewellery
 f - a +6 ring of dexterity (left hand)
 h - an amulet of reflection
 j - an amulet of regeneration (around neck)
 s - a ring of resist corrosion (right hand)
 F - an amulet of magic regeneration
 J - a ring of magical power
 S - a ring of magical power
Wands
 c - a wand of polymorph (11)
 t - a wand of roots (9)
 u - a wand of quicksilver (31)
 I - a wand of charming (11)
 L - a wand of flame (14)
 R - a wand of mindburst (8)
Scrolls
 i - 3 scrolls of immolation
 p - 2 scrolls of blinking
 v - 2 scrolls of teleportation
 y - a scroll of revelation
 B - 2 scrolls of torment
 G - a scroll of enchant weapon
 K - 3 scrolls of vulnerability
 M - a scroll of poison
 Q - a scroll of fear
Potions
 g - 2 potions of resistance
 l - 4 potions of curing
 m - 2 potions of cancellation
 n - a potion of lignification {unknown}
 r - a potion of brilliance {unknown}
 x - 2 potions of ambrosia
 z - 2 potions of haste
 A - a potion of attraction {unknown}
 C - 3 potions of mutation
 D - 2 potions of enlightenment
 E - 2 potions of might {unknown}
 H - 3 potions of magic
 P - a potion of heal wounds {unknown}


   Skills:
 - Level 9.5 Fighting
 + Level 12.3 Long Blades
 - Level 1.7 Throwing
 * Level 0.0 Armour
 - Level 2.6 Dodging
 + Level 10.2 Invocations


You had 10 spell levels left.
You didn't know any spells.
Your spell library contained the following spells:

 Spells                   Type           Power      Damage    Failure   Level
 Magic Dart               Conj           0%         1d3       100%        1
 Searing Ray              Conj           0%         2d4       100%        2
 Dazzling Flash           Conj/Hex       0%         N/A       100%        3
 Fugue of the Fallen      Necr           0%         N/A       100%        3
 Mephitic Cloud           Conj/Alch/Air  0%         N/A       100%        3
 Ozocubu's Armour         Ice            0%         N/A       100%        3
 Stone Arrow              Conj/Erth      0%         3d7       100%        3
 Animate Armour           Summ/Erth      0%         N/A       100%        4
 Fulminant Prism          Conj/Alch      0%         3d5       100%        4
 Silence                  Hex/Air        0%         N/A       100%        5
 Manifold Assault         Tloc           0%         N/A       100%        7
 Seismic Cannonade        Alch/Erth      0%         6d4       100%        7
 Lehudib's Crystal Spear  Conj/Erth      0%         10d2      100%        8


Dungeon Overview and Level Annotations

Branches:
Dungeon (11/15)            Temple (0/1) D:7            Lair (0/5) D:8
    Orc (0/2) D:9         Ossuary (visited)           IceCv (1/1)

Altars:
Cheibriados
Dithmenos
Makhleb
Nemelex Xobeh
Sif Muna
Uskayaw
Vehumet
Wu Jian

Shops:
D:11 *

Annotations:
D:11 1 runed translucent door


Innate Abilities, Weirdness & Mutations

You have a pair of horns on your head.
You are partially covered in rugged brown scales. (AC +1, +3% HP)
You sometimes emit foul miasma when damaged in melee.
You regenerate a little health from kills.


Message History

R - a wand of mindburst (8)
There is a frozen archway here.
The world spins around you as you enter the gateway.
You enter an ice cave!
Found an ice covered gate leading back out of this place.
There is an ice choked empty arch of ancient stone here.
Found 7 gold pieces and 6 stones.
You slice the wolf simulacrum!!
The wolf simulacrum vaporises!
You closely miss the wolf simulacrum.
Your headbutt misses the wolf simulacrum.
The wolf simulacrum bites you but does no damage.
You slash the wolf simulacrum!
The wolf simulacrum is heavily damaged.
The wolf simulacrum barely misses you.
The wolf simulacrum bites you but does no damage.
You can now pass through a line of other dancers.
You closely miss the wolf simulacrum.
The wolf simulacrum is heavily damaged.
The wolf simulacrum bites you. The wolf simulacrum freezes you.
You emit a cloud of foul miasma!
The wolf simulacrum bites you but does no damage.
You completely miss the wolf simulacrum.
The wolf simulacrum is heavily damaged.
The wolf simulacrum bites you but does no damage.
The three-headed hydra simulacrum bites you but does no damage.
The three-headed hydra simulacrum bites you.
The three-headed hydra simulacrum freezes you!!
The three-headed hydra simulacrum bites you!
The three-headed hydra simulacrum freezes you!!
You lop one of the three-headed hydra simulacrum's heads off!
You slash the two-headed hydra simulacrum!
The two-headed hydra simulacrum is moderately damaged.
The wolf simulacrum bites you. The wolf simulacrum freezes you.
* * * LOW HITPOINT WARNING * * *
The two-headed hydra simulacrum bites you.
* * * LOW HITPOINT WARNING * * *
The two-headed hydra simulacrum freezes you!!
You die...
Your body falls in perfect tune with the rhythm.

####### (
##.....# ...
##......#
.....#Z......#
......Z@∩..∩.#
.....#Z......#
... ##......#
$ ##.....#
#######


You could see a wolf simulacrum, a two-headed hydra simulacrum and a polar bear
simulacrum.

Vanquished Creatures
  Amaemon (D:8)
  An ugly thing (D:11)
  Joseph (D:7)
  An orange demon (D:8)
  Jeremiah (D:8)
  Psyche (D:8)
  2 trolls
  Grinder (D:4)
  11 yaks (D:8)
  A wyvern (D:8)
  Grum (D:8)
  3 steam dragons
  Menkaure (D:4)
  4 water moccasins
  5 orc warriors
  2 black bears
  2 ice beasts (D:6)
  2 wolves (D:8)
  An ogre (D:5)
  2 centaurs
  A phantom (D:5)
  2 kobold brigands (D:9)
  An elf zombie (Ossuary)
  A weeping skull (Ossuary)
  A bullfrog (D:8)
  A gnoll sergeant (D:10)
  A scorpion (D:6)
  2 burial acolytes (Ossuary)
  4 wights (D:6)
  18 killer bees
  A howler monkey (D:5)
  An electric eel (D:6)
  A centaur zombie (Ossuary)
  3 hounds (D:6)
  9 orc priests
  4 bombardier beetles
  2 jellies
  Crazy Yiuf (D:3)
  Natasha (thrice) (D:4)
  2 iguanas (D:5)
  A sleepcap (D:6)
  16 orc wizards
  A wolf simulacrum (IceCv)
  4 hound zombies (Ossuary)
  2 mummies (Ossuary)
  Robin (D:3)
  7 gnolls
  7 adders
  A shadow imp (D:7)
  A white imp (D:7)
  4 ufetubi (D:7)
  2 dart slugs (D:1)
  4 ribbon worms
  46 orcs
  3 bats
  6 endoplasms
  3 giant cockroaches
  5 gnoll zombies (Ossuary)
  19 goblins
  10 hobgoblins
  7 jackals
  19 kobolds
  2 quokkas
  9 ball pythons
  5 frilled lizards
  4 orc zombies (Ossuary)
  5 rats
297 creatures vanquished.

Notes
Turn   | Place    | Note
-------+----------+-------------------------------------------
     0 | D:1      | Orlauf the Demonspawn Gladiator began the quest for the
                  | Orb.
     0 | D:1      | Reached XP level 1. HP: 16/16 MP: 1/1
    47 | D:1      | Reached skill level 3 in Long Blades
   162 | D:1      | Gained mutation: You regenerate a little health from kills.
                  | [demonic ancestry]
   162 | D:1      | Reached XP level 2. HP: 18/22 MP: 2/2
   591 | D:1      | Gained mutation: You are partially covered in rugged brown
                  | scales. (AC +1, +3% HP) [demonic ancestry]
   591 | D:1      | Reached XP level 3. HP: 23/28 MP: 3/3
  1434 | D:2      | Reached XP level 4. HP: 35/35 MP: 4/4
  1498 | D:2      | Found a faded altar of an unknown god.
  1590 | D:3      | Reached skill level 4 in Long Blades
  1719 | D:3      | Gained mutation: You have a pair of small horns on your
                  | head. [demonic ancestry]
  1719 | D:3      | Reached XP level 5. HP: 38/42 MP: 5/5
  1752 | D:3      | Reached skill level 5 in Long Blades
  1865 | D:3      | Found a runed translucent door.
  1866 | D:3      | Noticed Crazy Yiuf
  1995 | D:3      | Noticed Robin
  2009 | D:3      | Killed Robin
  2119 | D:3      | Found a burning altar of Makhleb.
  2234 | D:3      | Killed Crazy Yiuf
  2235 | D:3      | Gained mutation: You may rarely emit foul miasma when
                  | damaged in melee. [demonic ancestry]
  2235 | D:3      | Reached XP level 6. HP: 49/49 MP: 6/6
  2309 | D:4      | Noticed Menkaure
  2319 | D:4      | Killed Menkaure
  2384 | D:4      | Noticed Natasha
  2388 | D:4      | Killed Natasha
  2535 | D:4      | Reached skill level 6 in Long Blades
  2626 | D:4      | Noticed Natasha
  2637 | D:4      | Killed Natasha
  2694 | D:4      | Reached XP level 7. HP: 56/56 MP: 7/7
  2869 | D:4      | Noticed Grinder
  2871 | D:4      | Paralysed by Grinder for 2 turns
  2875 | D:4      | Killed Grinder
  2876 | D:4      | Reached skill level 5 in Fighting
  2943 | D:4      | Noticed Natasha
  2950 | D:4      | Killed Natasha
  2959 | D:5      | Entered Level 5 of the Dungeon
  2968 | D:5      | Found a shimmering blue altar of Sif Muna.
  2994 | D:5      | Reached skill level 7 in Long Blades
  3028 | D:5      | Found a hide-covered altar of Uskayaw.
  3071 | D:5      | Became a worshipper of Uskayaw the Reveller
  3103 | D:5      | Found a sparkling altar of Nemelex Xobeh.
  3147 | D:5      | Reached * piety under Uskayaw
  3151 | D:5      | Reached ** piety under Uskayaw
  3155 | D:5      | Reached *** piety under Uskayaw
  3156 | D:5      | Reached skill level 1 in Invocations
  3161 | D:5      | Reached **** piety under Uskayaw
  3166 | D:5      | Reached ***** piety under Uskayaw
  3197 | D:5      | Gained mutation: You have a pair of horns on your head.
                  | [demonic ancestry]
  3197 | D:5      | Reached XP level 8. HP: 64/64 MP: 7/9
  3814 | D:6      | Reached skill level 8 in Long Blades
  3882 | D:6      | Found a sand-covered staircase.
  3887 | Ossuary  | Entered an ossuary
  3946 | Ossuary  | Found an ancient bone altar of Kikubaaqudgha.
  4347 | D:6      | Gained mutation: You sometimes emit foul miasma when
                  | damaged in melee. [demonic ancestry]
  4347 | D:6      | Reached XP level 9. HP: 68/73 MP: 12/12
  4476 | D:6      | Reached skill level 5 in Invocations
  4685 | D:6      | Found a shadowy altar of Dithmenos.
  4763 | D:6      | Reached skill level 9 in Long Blades
  5287 | D:7      | Found a radiant altar of Vehumet.
  5378 | D:7      | Found a staircase to the Ecumenical Temple.
  5556 | D:7      | Noticed Joseph
  5568 | D:7      | Killed Joseph
  5569 | D:7      | Reached skill level 10 in Long Blades
  5678 | D:8      | Noticed Jeremiah
  5709 | D:8      | Killed Jeremiah
  5766 | D:8      | Reached XP level 10. HP: 82/82 MP: 15/15
  5786 | D:8      | Found a snail-covered altar of Cheibriados.
  5861 | D:8      | Noticed Maurice
  5865 | D:8      | Maurice changed into Maurice the black bear
  5865 | D:8      | Noticed Maurice
  5865 | D:8      | Noticed Amaemon
  5868 | D:8      | Noticed an orange demon
  5879 | D:8      | Killed Amaemon
  5886 | D:8      | Killed Maurice the black bear
  5888 | D:8      | Killed an orange demon
  6003 | D:8      | Noticed Grum
  6006 | D:8      | Reached skill level 11 in Long Blades
  6024 | D:8      | Killed Grum
  6203 | D:8      | Found an ornate altar of the Wu Jian Council.
  6393 | D:8      | Found a staircase to the Lair.
  6572 | D:8      | Noticed Psyche
  6576 | D:8      | Killed Psyche
  6859 | D:9      | Reached XP level 11. HP: 85/91 MP: 18/18
  6887 | D:9      | Found a staircase to the Orcish Mines.
  7325 | D:10     | Entered Level 10 of the Dungeon
  7347 | D:10     | Reached skill level 12 in Long Blades
  8170 | D:11     | Reached skill level 10 in Invocations
  8177 | D:11     | Found a runed translucent door.
  8178 | D:11     | Noticed a sixfirhy
  8227 | D:11     | Identified the +6 flail of the Incandescent {freeze, rElec
                  | rC+ rN+}
  8227 | D:11     | Noticed a green ugly thing
  8228 | D:11     | Found Othoyr's General Store.
  8247 | D:11     | Killed a green ugly thing
  8326 | D:11     | You fall into a shaft and drop 1 floor!
  8326 | D:12     | Found a frozen archway.
  8335 | IceCv    | Entered an ice cave
  8344 | IceCv    | Slain by a two-headed hydra simulacrum

Illustrated notes

Levels and vault maps discovered:
D:1:      erik_arrival_triangle_medium, layout_basic
D:2:      layout_basic, shapermc_ecumenical_altar_mp_vishouse
D:3:      layout_rooms, lightli_temple_of_fire, uniq_crazy_yiuf_cottage,
          uniq_robin
D:4:      layout_loops_ring, serial_glass, glass_columns_a, glass_columns_a,
          uniq_natasha, uniq_menkaure, uniq_grinder
D:5:      layout_gridville, mainiacjoe_overflow_surrounded_room,
          mainiacjoe_overflow_boulevard, nicolae_uskayaw_suspiria,
          lemuel_round_altar, minmay_diced_spiral
D:6:      layout_gridville, kennysheep_little_box, enter_ossuary_2,
          fountainhead, serial_bayou_pond_e
D:7:      layout_gridville, nicolae_vehumet_altar_sigil, temple_fountains,
          uniq_joseph
D:8:      layout_loops_ring, nzn_wu_jian_council_hall, cheibrodos_worm_habitat,
          dpeg_oklobed_lair, uniq_jeremiah, uniq_psyche, uniq_grum,
          uniq_maurice, uniq_amaemon
D:9:      layout_roguey, orc_0_dummy
D:10:     layout_basic, patterned_corridor
D:11:     cheibrodos_shockbox, layout_rooms, serial_shops, shop, minivault_7,
          uniq_snorg
D:12:     layout_basic, portal_ice_cave_entry_pillars_1
IceCv:    ice_cave_statue_garden_chambered

Skill      XL: |  1  2  3  4  5  6  7  8  9 10 11 |
---------------+----------------------------------+-----
Long Blades    | 3 4 5 6 7 8 10 11 12 | 12.3
Fighting       | 3 4 5 6 7 9 |  9.5
Invocations    | 1 4 7 9 10 | 10.2
Throwing       | |  1.7
Dodging        | |  2.6

Action                     |  1- 3 |  4- 6 |  7- 9 | 10-12 || total
---------------------------+-------+-------+-------+-------++-------
  Melee: Long sword        |   134 |   106 |   367 |   127 ||   734
         Unarmed           |       |    15 |       |       ||    15
         Headbutt          |       |    18 |    78 |    50 ||   146
         Great sword       |       |       |       |   169 ||   169
  Throw: Throwing net      |       |     1 |     1 |     1 ||     3
  Evoke: Wand              |       |       |       |     9 ||     9
    Use: Scroll            |     2 |     3 |    11 |     7 ||    23
         Potion            |     2 |       |       |     3 ||     5
   Stab: Sleeping          |     2 |       |       |       ||     2
         Held in net/web   |       |     1 |       |       ||     1
         Paralysed         |       |       |    13 |    17 ||    30
 Armour: Leather armour    |   107 |     8 |       |       ||   115
         Ring mail         |       |    26 |       |       ||    26
         Skin              |       |     3 |       |       ||     3
         Chain mail        |       |    36 |   325 |    51 ||   412
         Plate armour      |       |       |       |   307 ||   307
  Dodge: Dodged            |   110 |    54 |   172 |    87 ||   423

Table legend: (Time is in decaauts)
 A = Elapsed time spent in this place.
 B = Non-inter-level travel time spent in this place.
 C = Inter-level travel time spent in this place.
 D = Time resting spent in this place.
 E = Time spent auto-exploring this place.
 F = Levels seen in this place.
 G = Mean time per level.
                   A        B        C        D        E       F      G
               +--------+--------+--------+--------+--------+-----+--------+
         Total |   8621 |   8302 |    319 |    345 |   5858 |  14 |  615.8 |
       Dungeon |   8143 |   7824 |    319 |    310 |   5607 |  12 |  678.6 |
       Ossuary |    468 |    468 |      0 |     35 |    250 |   1 |  468.0 |
      Ice Cave |      9 |      9 |      0 |      0 |      0 |   1 |    9.0 |
               +--------+--------+--------+--------+--------+-----+--------+

Top non-repeatable levels by time:
     D:8: 1166 daAuts
     D:1: 907 daAuts
     D:6: 886 daAuts
     D:5: 853 daAuts
    D:10: 809 daAuts
     D:2: 718 daAuts
     D:4: 715 daAuts
     D:3: 711 daAuts
     D:7: 706 daAuts
     D:9: 513 daAuts
 Ossuary: 468 daAuts
    D:11: 145 daAuts
   IceCv: 9 daAuts
    D:12: 8 daAuts
